 Dungeon Crawl Stone Soup version 0.29.0-15-g675c0067aa (webtiles) character file.

Game seed: 14237916679875524362

6111 qw the Severer (level 10, 0/91 HPs)
             Began as a Minotaur Berserker on Sept 11, 2022.
             Was a Priest of Trog.
             Slain by a shadow (26 damage)
             ... on level 9 of the Dungeon.
             The game lasted 00:02:31 (9149 turns).

qw the Severer (Minotaur Berserker)                 Turns: 9149, Time: 00:02:32

Health: 0/91       AC: 13    Str: 27    XL:     10   Next: 58%
Magic:  9/9        EV: 11    Int:  4    God:    Trog [***...]
Gold:   57         SH:  0    Dex:  9    Spells: 9/9 levels left

rFire   + . .      SeeInvis .   Y - +2 war axe
rCold   . . .      Faith    .   (no shield)
rNeg    . . .      Spirit   .   b - +0 scale mail
rPois   .          Reflect  .   n - +1 hat
rElec   .          Harm     .   (no cloak)
rCorr   .          Rampage  .   d - +2 pair of gloves
Will    .....                   l - +0 pair of boots
Stlth   ..........              (no amulet)
HPRegen 0.25/turn               c - ring of protection from fire
MPRegen 0.11/turn               (no ring)

@: on berserk cooldown, slowed, very slow
A: horns 2, retaliatory headbutt
a: Renounce Religion, Berserk, Trog's Hand


You were on level 9 of the Dungeon.
You worshipped Trog.
Trog was most pleased with you.
You visited 1 branch of the dungeon, and saw 9 of its levels.

You collected 432 gold pieces.
You spent 375 gold pieces at shops.


Innate Abilities, Weirdness & Mutations

You have a pair of horns on your head.
You reflexively headbutt those who attack you in melee.


   Skills:
 - Level 9.0 Fighting
 + Level 15.5 Axes
 - Level 1.1 Throwing
 - Level 7.7 Armour
 - Level 3.0 Dodging


You had 9 spell levels left.
You didn't know any spells.
Your spell library was empty.

Inventory:

Hand Weapons
 f - a +0 morningstar
 Y - a +2 war axe (weapon)
Missiles
 a - 8 boomerangs (quivered)
Armour
 b - a +0 scale mail (worn)
 d - a +2 pair of gloves (worn)
 j - a +0 chain mail
 l - a +0 pair of boots (worn)
 n - a +1 hat (worn)
Jewellery
 c - a ring of protection from fire (left hand)
 q - a ring of protection from fire
Scrolls
 h - a scroll of identify
 k - 5 scrolls of teleportation
Potions
 e - 3 potions of haste
 g - a potion of might
 i - a potion of mutation
 m - a potion of heal wounds
 o - 10 potions of curing
 p - a potion of cancellation

Dungeon Overview and Level Annotations

Branches:
Dungeon (9/15)             Temple (0/1) D:6
   Lair: D:8-11         Orc: D:9-12

Altars:
Cheibriados
Fedhas
Hepliaklqana
Okawaru
Qazlal
Trog
Yredelemnul

Shops:
D:1 (   D:9 =


Message History

The shadow flickers and vanishes!
Deactivating autopickup; reactivate with Ctrl-A.
You slice the yak like a ripe choko!!!
You kill the yak!
Trog accepts your kill.
You closely miss the yak. The yak closely misses you. You furiously retaliate!
You headbutt the yak. You barely miss the yak. You headbutt the yak!
The yak is moderately wounded.
You slash the yak! Your headbutt misses the yak.
The yak is severely wounded.
You are no longer berserk.
You are exhausted.
You feel yourself slow down. The yak gores you.
You completely miss the yak.
The yak is severely wounded.
The yak closely misses you.
The shadow strikes at you from the darkness!
Reactivating autopickup.
You slash the yak! You headbutt the yak.
You kill the yak!
Trog accepts your kill.
You hit the shadow but do no damage.
The shadow slips into darkness.
The shadow flickers and vanishes!
Deactivating autopickup; reactivate with Ctrl-A.
You slash something!
The shadow strikes at you from the darkness!
Reactivating autopickup.
You hit the shadow but do no damage. Your headbutt misses the shadow.
The shadow is heavily damaged.
The shadow hits you.
You hit the shadow but do no damage. Your headbutt misses the shadow.
The shadow is heavily damaged.
The shadow slips into darkness.
The shadow flickers and vanishes!
Deactivating autopickup; reactivate with Ctrl-A.
You hit something but do no damage. Your headbutt misses something.
The shadow strikes at you from the darkness!
You die...

.. ##'##. ...>### #....#
#.....# #####...!#
#....!# .........#
#.....# .........#
#.....#
........[#######.....###
.......{%...............
......%@................
......%########'##......
.......#.........#......
.....$.#.........#......
....?..#......\..+.....%
.......#.........#......
....####.........#......
....#............#......
#............#......


There were no monsters in sight!

Vanquished Creatures
  Gastronok (D:9)
  Prince Ribbit (D:8)
  A hornet (D:9)
  A wyvern (D:9)
  Eustachio (D:6)
  8 yaks
  A steam dragon (D:7)
  A water moccasin (D:6)
  2 orc warriors
  A black bear (D:5)
  2 ice beasts
  3 ogres
  4 centaurs
  A phantom (D:6)
  5 bullfrogs
  A necrophage (D:7)
  4 scorpions
  4 killer bees (D:9)
  5 howler monkeys
  A jelly (D:7)
  7 hounds
  2 orc priests
  8 iguanas
  5 orc wizards
  9 gnolls
  4 adders
  A shadow imp (D:6)
  A white imp (D:6)
  3 worms
  5 dart slugs
  22 orcs
  3 bats
  6 endoplasms
  4 giant cockroaches
  4 goblins
  7 hobgoblins
  A jackal (D:4)
  7 quokkas
  8 ball pythons
  2 frilled lizards
  8 kobolds
  A rat (D:2)
166 creatures vanquished.

Vanquished Creatures (others)
  A plant (D:4)
1 creature vanquished.

Grand Total: 167 creatures vanquished

Notes
Turn   | Place    | Note
-------+----------+-------------------------------------------
     0 | D:1      | qw the Minotaur Berserker began the quest for the Orb.
     0 | D:1      | Reached XP level 1. HP: 19/19 MP: 0/0
     0 | D:1      | 0 ||| qw: Version: 0.1-a-119-g272c26d
     0 | D:1      | 0 ||| qw: Game counter: 10697
     0 | D:1      | 0 ||| qw: Always use a shield: true
     0 | D:1      | 0 ||| qw: Do Orc after D:15 true
     0 | D:1      | 0 ||| qw: Do second Lair branch before Depths: true
     0 | D:1      | 0 ||| qw: Lair rune preference: random
     0 | D:1      | 0 ||| qw: Plans: Normal
     0 | D:1      | 0 ||| PLANNING D:1-11
    78 | D:1      | Reached skill level 4 in Axes
   200 | D:1      | Found Zaebuddi's Weapon Shoppe.
   206 | D:1      | 206 ||| SHOPLISTING +0 mace (33 gold, have 0).
   320 | D:1      | 320 ||| INVOKING Berserk.
   322 | D:1      | Reached XP level 2. HP: 26/26 MP: 1/1
   482 | D:1      | 482 ||| INVOKING Berserk.
   512 | D:1      | Reached skill level 5 in Axes
   659 | D:1      | 659 ||| DROPPING +0 club.
   710 | D:1      | Found a faded altar of an unknown god.
   839 | D:1      | Reached XP level 3. HP: 31/31 MP: 2/2
   917 | D:1      | 917 ||| UPGRADING to +0 pair of gloves.
   922 | D:1      | 922 ||| UPGRADING to +0 ring mail.
   932 | D:1      | 932 ||| DROPPING +0 animal skin.
   933 | D:1      | 933 ||| UPGRADING to ring of protection from fire.
   934 | D:1      | 934 ||| READING scroll labelled ZELAHISYLO.
   935 | D:1      | 935 ||| READING scroll labelled MARPHI FANKUR.
   936 | D:1      | 936 ||| READING scroll labelled WISEDDU GEIGY.
   937 | D:1      | 937 ||| READING scroll labelled UDYSOSKO AFFUI.
   938 | D:1      | 938 ||| DRINKING 2 smoky brown potions.
   939 | D:1      | 939 ||| DROPPING potion of degeneration.
   940 | D:1      | 940 ||| Stepping randomly (stuck).
   941 | D:1      | 941 ||| Stepping ~*~*~tactically~*~*~ (cloud).
   946 | D:1      | HP: 7/31 [poisoned by you (poison gas)]
  1478 | D:2      | Found a hazy altar of Hepliaklqana.
  2002 | D:2      | 2002 ||| UPGRADING to +0 scale mail.
  2012 | D:2      | 2012 ||| DROPPING +0 ring mail.
  2013 | D:2      | 2013 ||| UPGRADING to +0 pair of boots.
  2018 | D:2      | 2018 ||| READING scroll labelled SISMAI YHESOPH.
  2019 | D:2      | 2019 ||| READING scroll labelled GENEVE DOHEGHU.
  2020 | D:2      | 2020 ||| READING 3 scrolls labelled MEULIONUVU.
  2021 | D:2      | 2021 ||| READING scroll labelled DAN LOKLIRE.
  2025 | D:2      | 2025 ||| READING scroll labelled NOCWOI SIPOOL.
  2026 | D:2      | 2026 ||| DRINKING 2 white potions.
  2027 | D:2      | 2027 ||| READING 2 scrolls of identify.
  2027 | D:2      | 2027 ||| IDENTIFYING brown potion
  2028 | D:2      | 2028 ||| DROPPING potion of flight.
  2029 | D:2      | 2029 ||| DROPPING potion of invisibility.
  2272 | D:3      | 2272 ||| READING scroll of enchant armour.
  2272 | D:3      | 2272 ||| ENCHANTING +0 pair of gloves.
  2461 | D:3      | 2461 ||| SWAPPING to +0 war axe.
  2462 | D:3      | 2462 ||| DROPPING +0 hand axe.
  2690 | D:3      | 2690 ||| UPGRADING to +1 hat.
  2695 | D:3      | 2695 ||| READING scroll labelled VACVUM KEOTAT.
  2696 | D:3      | 2696 ||| DRINKING 2 bubbling sapphire potions.
  2697 | D:3      | 2697 ||| DRINKING 2 bubbling white potions.
  2698 | D:3      | 2698 ||| READING 3 scrolls of identify.
  2698 | D:3      | 2698 ||| IDENTIFYING amethyst potion
  2699 | D:3      | 2699 ||| READING 2 scrolls of identify.
  2699 | D:3      | 2699 ||| IDENTIFYING fizzy green potion
  2700 | D:3      | 2700 ||| DROPPING potion of ambrosia.
  2701 | D:3      | 2701 ||| DROPPING potion of brilliance.
  2749 | D:4      | 2749 ||| INVOKING Berserk.
  2896 | D:4      | 2896 ||| Stepping ~*~*~tactically~*~*~ (stealth).
  2920 | D:4      | Reached skill level 6 in Axes
  2920 | D:4      | Reached XP level 4. HP: 37/39 MP: 3/3
  2962 | D:4      | 2962 ||| Stepping ~*~*~tactically~*~*~ (hiding).
  3150 | D:4      | Noticed a centaur
  3151 | D:4      | 3151 ||| Stepping ~*~*~tactically~*~*~ (hiding).
  3157 | D:4      | Killed a centaur
  3158 | D:4      | Reached skill level 7 in Axes
  3158 | D:4      | Reached XP level 5. HP: 33/45 MP: 4/4
  3285 | D:4      | Noticed an ogre
  3286 | D:4      | 3286 ||| INVOKING Berserk.
  3287 | D:4      | Killed an ogre
  3288 | D:4      | Reached XP level 6. HP: 55/55 MP: 5/5
  3597 | D:4      | Found a blossoming altar of Fedhas.
  3763 | D:4      | Reached ** piety under Trog
  3764 | D:4      | Reached skill level 8 in Axes
  4030 | D:4      | 4030 ||| READING 2 scrolls labelled EHOAXE LIZO.
  4131 | D:4      | 4131 ||| READING 2 scrolls of identify.
  4131 | D:4      | 4131 ||| IDENTIFYING sedimented ruby potion
  4132 | D:4      | 4132 ||| DROPPING scroll of silence.
  4133 | D:4      | 4133 ||| DROPPING potion of magic.
  4171 | D:5      | Entered Level 5 of the Dungeon
  4173 | D:5      | 4173 ||| INVOKING Berserk.
  4380 | D:5      | 4380 ||| DROPPING +0 whip.
  4430 | D:5      | Reached skill level 9 in Axes
  4430 | D:5      | Reached XP level 7. HP: 56/60 MP: 6/6
  4485 | D:5      | Found a basalt altar of Yredelemnul.
  4571 | D:5      | 4571 ||| INVOKING Berserk.
  4739 | D:5      | Found a snail-covered altar of Cheibriados.
  4742 | D:5      | Found a hazy altar of Hepliaklqana.
  4746 | D:5      | Found a stormy altar of Qazlal.
  4805 | D:5      | 4805 ||| Stepping ~*~*~tactically~*~*~ (stealth).
  4808 | D:5      | 4808 ||| Stepping ~*~*~tactically~*~*~ (stealth).
  4810 | D:5      | 4810 ||| Stepping ~*~*~tactically~*~*~ (hiding).
  5023 | D:5      | Reached skill level 10 in Axes
  5026 | D:5      | Reached skill level 1 in Throwing
  5186 | D:5      | 5186 ||| READING scroll of enchant armour.
  5186 | D:5      | 5186 ||| ENCHANTING +1 pair of gloves.
  5365 | D:5      | Reached skill level 3 in Armour
  5627 | D:5      | 5627 ||| READING 2 scrolls labelled UKHLUMO AG FOLE.
  5628 | D:5      | 5628 ||| READING scroll of enchant weapon.
  5628 | D:5      | 5628 ||| ENCHANTING +1 war axe.
  5629 | D:5      | 5629 ||| READING scroll labelled UTOISHRUJAMP.
  5630 | D:5      | 5630 ||| READING 2 scrolls of identify.
  5630 | D:5      | 5630 ||| IDENTIFYING yellow potion
  5745 | D:6      | Reached skill level 6 in Fighting
  5772 | D:6      | Reached XP level 8. HP: 70/70 MP: 7/7
  5781 | D:6      | 5781 ||| Stepping ~*~*~tactically~*~*~ (stealth).
  5783 | D:6      | 5783 ||| Stepping ~*~*~tactically~*~*~ (hiding).
  5799 | D:6      | 5799 ||| DROPPING +0 flail.
  5815 | D:6      | Noticed Eustachio
  5820 | D:6      | 5820 ||| INVOKING Berserk.
  5825 | D:6      | Killed Eustachio
  5947 | D:6      | Found a staircase to the Ecumenical Temple.
  6027 | D:6      | 6027 ||| Stepping ~*~*~tactically~*~*~ (stealth).
  6056 | D:6      | Reached skill level 11 in Axes
  6204 | D:6      | 6204 ||| Stepping ~*~*~tactically~*~*~ (hiding).
  6210 | D:6      | 6210 ||| FLEEEEING.
  6211 | D:6      | 6211 ||| FLEEEEING.
  6212 | D:6      | 6212 ||| FLEEEEING.
  6213 | D:6      | 6213 ||| FLEEEEING.
  6214 | D:6      | 6214 ||| FLEEEEING.
  6216 | D:6      | Reached *** piety under Trog
  6217 | D:6      | 6217 ||| INVOKING Berserk.
  6220 | D:6      | Reached skill level 12 in Axes
  6229 | D:6      | 6229 ||| FLEEEEING.
  6230 | D:6      | 6230 ||| FLEEEEING.
  6231 | D:6      | 6231 ||| FLEEEEING.
  6232 | D:6      | 6232 ||| STAIRDANCE
  6295 | D:5      | 6295 ||| READING 3 scrolls of identify.
  6295 | D:5      | 6295 ||| IDENTIFYING glowing inky potion
  6296 | D:5      | 6296 ||| READING 2 scrolls of identify.
  6296 | D:5      | 6296 ||| IDENTIFYING ruby potion
  6297 | D:5      | 6297 ||| DROPPING potion of attraction.
  6361 | D:6      | Found a bloodstained altar of Trog.
  6363 | D:6      | 6363 ||| INVOKING Berserk.
  6484 | D:6      | 6484 ||| Stepping ~*~*~tactically~*~*~ (stealth).
  6549 | D:6      | 6549 ||| Stepping ~*~*~tactically~*~*~ (stealth).
  6572 | D:6      | 6572 ||| Stepping ~*~*~tactically~*~*~ (stealth).
  6574 | D:6      | 6574 ||| INVOKING Berserk.
  6761 | D:6      | Reached XP level 9. HP: 79/79 MP: 8/8
  6857 | D:6      | 6857 ||| READING 2 scrolls of identify.
  6857 | D:6      | 6857 ||| IDENTIFYING red potion
  6976 | D:7      | 6976 ||| Stepping ~*~*~tactically~*~*~ (stealth).
  6979 | D:7      | 6979 ||| Stepping ~*~*~tactically~*~*~ (stealth).
  6984 | D:7      | Reached skill level 13 in Axes
  7112 | D:7      | 7112 ||| INVOKING Berserk.
  7352 | D:7      | 7352 ||| Stepping ~*~*~tactically~*~*~ (hiding).
  7354 | D:7      | 7354 ||| Stepping ~*~*~tactically~*~*~ (hiding).
  7358 | D:7      | 7358 ||| INVOKING Berserk.
  7362 | D:7      | Reached skill level 14 in Axes
  7525 | D:7      | 7525 ||| INVOKING Berserk.
  7747 | D:7      | 7747 ||| READING scroll labelled EMUPHA TALU.
  7783 | D:8      | Reached skill level 3 in Dodging
  7885 | D:8      | Noticed Prince Ribbit
  7888 | D:8      | 7888 ||| INVOKING Berserk.
  7897 | D:8      | Killed Prince Ribbit
  8557 | D:8      | 8557 ||| DROPPING +1 hat.
  8558 | D:8      | 8558 ||| READING 2 scrolls of identify.
  8558 | D:8      | 8558 ||| IDENTIFYING silvery potion
  8618 | D:9      | 8618 ||| Stepping ~*~*~tactically~*~*~ (stealth).
  8639 | D:9      | Found an iron altar of Okawaru.
  8699 | D:9      | Paralysed by a hornet for 2 turns
  8708 | D:9      | Reached skill level 15 in Axes
  8708 | D:9      | Reached XP level 10. HP: 71/89 MP: 9/9
  8866 | D:9      | 8866 ||| Stepping ~*~*~tactically~*~*~ (hiding).
  8867 | D:9      | 8867 ||| Stepping ~*~*~tactically~*~*~ (hiding).
  8871 | D:9      | 8871 ||| INVOKING Berserk.
  8884 | D:9      | Reached skill level 9 in Fighting
  9097 | D:9      | Found Homiurcho's Jewellery Emporium.
  9103 | D:9      | 9103 ||| SHOPLISTING +6 ring of dexterity (540 gold, have
                  | 432).
  9103 | D:9      | 9103 ||| SHOPLISTING ring of Fesmuvuc {Fire Str+4 Dex+3}
                  | (700 gold, have 432).
  9103 | D:9      | 9103 ||| BUYING ring of protection from fire (375 gold).
  9103 | D:9      | Bought a ring of protection from fire for 375 gold pieces
  9103 | D:9      | 9103 ||| SHOPLISTING ring of resist corrosion (300 gold,
                  | have 57).
  9122 | D:9      | Noticed Gastronok
  9124 | D:9      | 9124 ||| INVOKING Berserk.
  9132 | D:9      | Killed Gastronok
  9149 | D:9      | Slain by a shadow

Levels and vault maps discovered:
D:1:      lemuel_arrival_river_ford, layout_rooms, serial_shops, shop,
          dreamdust_ecumenical_altar_angels_and_demons, minmay_pentomino_u2
D:2:      minmay_inner_zag, layout_basic, basic_altar
D:3:      layout_loops_ring
D:4:      minmay_thinvault, layout_gridville, fedhas_ov_isle_minmay,
          minmay_distorted
D:5:      layout_layer_cave, grunt_temple_overflow_diamond,
          nicolae_overflow_crystal_walls, kennysheep_generic_room_7
D:6:      layout_cave_pods, trog_butcher_becter, minmay_temple_entry_overgrown,
          uniq_eustachio
D:7:      layout_rooms, minivault_4
D:8:      layout_loops_ring, uniq_prince_ribbit1
D:9:      layout_irregular_city, grunt_dithmenos_shadows,
          okawaru_altar_gauntlet_db, lair_entry_dummy, serial_shops, shop,
          chequers_serial_rivers_small_b, uniq_harold, uniq_gastronok

Skill      XL: |  1  2  3  4  5  6  7  8  9 10 |
---------------+-------------------------------+-----
Axes           | 4 5 6 7 9 10 12 15 | 15.5
Fighting       | 4 6 7 8 9 |  9.0
Throwing       | 1 |  1.1
Armour         | 3 4 7 |  7.7
Dodging        | 3 |  3.0

Action                   |  1- 3 |  4- 6 |  7- 9 | 10-12 || total
-------------------------+-------+-------+-------+-------++-------
Melee: Hand axe          |    58 |       |       |       ||    58
       Headbutt          |    11 |    12 |    29 |    10 ||    62
       War axe           |    14 |    76 |   187 |    40 ||   317
       Punch             |       |       |     1 |       ||     1
Throw: Boomerang         |       |    13 |    82 |     3 ||    98
Invok: Berserk           |     3 |     2 |     9 |     2 ||    16
  Use: Scroll            |    14 |     2 |    10 |       ||    26
       Potion            |     4 |       |       |       ||     4
Armor: Animal skin       |     6 |       |       |       ||     6
       Scale mail        |    12 |    48 |    61 |    10 ||   131
       Ring mail         |     8 |       |       |       ||     8
Dodge: Dodged            |    27 |    32 |    78 |    15 ||   152

Table legend:
 A = Non-vault XP
 B = Vault XP
 C = Vault XP percentage of total XP
 D = Non-vault monster count
 E = Vault monster count
 F = Vault count percentage of total count
                 A         B        C        D         E       F
            +---------+---------+-------+---------+---------+-------
      Total |    5843 |    2888 |  33.1 |     124 |      42 |  25.3
            +---------+---------+-------+---------+---------+-------
        D:1 |      27 |      16 |  37.2 |      15 |       2 |  11.8
        D:2 |       6 |       5 |  45.5 |       4 |       3 |  42.9
        D:3 |       5 |       0 |   0.0 |       4 |       0 |   0.0
        D:4 |     145 |     347 |  70.5 |      11 |      20 |  64.5
        D:5 |     554 |     131 |  19.1 |      27 |       4 |  12.9
        D:6 |    1111 |     547 |  33.0 |      21 |       5 |  19.2
        D:7 |    1657 |       0 |   0.0 |      20 |       0 |   0.0
        D:8 |     350 |     283 |  44.7 |       4 |       1 |  20.0
        D:9 |    1988 |    1559 |  44.0 |      18 |       7 |  28.0
            +---------+---------+-------+---------+---------+-------
